[ AOE2 MATCH · #457193399 ]
Team RMCelts vs Vietnamese
[ REPLAY ANALYSIS · EXTRACTED FROM THE RECORDED GAME ]
Feudal
15:28
Castle
21:30
Imperial
40:37
| APM avg | 16.1 |
| APM peak | 35 |
| eAPM avg | 12.3 |
| Villagers / military | 187 / 512 |
Focus
⚔️ 43.1% · 🌾 56.9%
Scorpion ×367 · Woad Raider ×59 · Battering Ram ×55 · Spearman ×30 · Fishing Ship ×25 · Demolition Raft ×1
Feudal
15:07
Castle
26:18
Imperial
46:03
| APM avg | 20.2 |
| APM peak | 61 |
| eAPM avg | 13.4 |
| Villagers / military | 160 / 430 |
Focus
⚔️ 48.0% · 🌾 52.0%
Chu Ko Nu ×166 · Spearman ×117 · Scout Cavalry ×93 · Skirmisher ×14 · Trebuchet (Packed) ×10 · Fishing Ship ×8
Feudal
16:27
Castle
21:38
Imperial
50:40
| APM avg | 21.0 |
| APM peak | 66 |
| eAPM avg | 15.9 |
| Villagers / military | 294 / 373 |
Focus
⚔️ 37.5% · 🌾 62.5%
Skirmisher ×214 · Knight ×63 · Camel Scout ×26 · Hand Cannoneer ×17 · Bombard Cannon ×17 · Scout Cavalry ×14
Feudal
12:15
Castle
24:31
Imperial
47:40
| APM avg | 10.8 |
| APM peak | 33 |
| eAPM avg | 8.5 |
| Villagers / military | 94 / 155 |
Focus
⚔️ 32.6% · 🌾 67.4%
Spearman ×57 · Knight ×47 · Organ Gun ×27 · Battering Ram ×17 · Trade Cart ×7 · Monk ×3
Feudal
14:37
Castle
21:31
Imperial
42:45
| APM avg | 19.4 |
| APM peak | 53 |
| eAPM avg | 11.2 |
| Villagers / military | 88 / 260 |
Focus
⚔️ 57.0% · 🌾 43.0%
Knight ×165 · Teutonic Knight ×56 · Trebuchet (Packed) ×23 · Galley ×8 · Fishing Ship ×5 · Fire Galley ×5
Feudal
14:29
Castle
22:14
Imperial
33:38
| APM avg | 29.3 |
| APM peak | 53 |
| eAPM avg | 15.7 |
| Villagers / military | 142 / 303 |
Focus
⚔️ 40.2% · 🌾 59.8%
Samurai ×129 · Spearman ×68 · Knight ×40 · Fishing Ship ×37 · Galley ×31 · Trebuchet (Packed) ×14
Feudal
14:32
Castle
23:00
Imperial
—
| APM avg | 6.6 |
| APM peak | 47 |
| eAPM avg | 4.1 |
| Villagers / military | 51 / 40 |
Focus
⚔️ 34.3% · 🌾 65.7%
Spearman ×23 · War Wagon ×9 · Archer ×8 · Fishing Ship ×7
Feudal
14:23
Castle
18:55
Imperial
54:55
| APM avg | 26.4 |
| APM peak | 107 |
| eAPM avg | 14.6 |
| Villagers / military | 157 / 332 |
Focus
⚔️ 36.0% · 🌾 64.0%
Scout Cavalry ×131 · Knight ×92 · Rattan Archer ×53 · Battle Elephant ×30 · Mangonel ×11 · Battering Ram ×7
Match map
Initial resources + every placement click. Lines = walls · curves = elevation contours. ◆ gold · ⬟ stone · ● berries · ✦ relic · ◌ wall gap
Your base· Open — 4t gap
LeonMastin's base· Open — unwalled flank
Papi's base· Open — unwalled flank
JUNIORPLAYBOY's base· Open — unwalled flank
維忒茲/Watezu's base· Open — unwalled flank
AustinQ's base· Open — 13t gap
jkeR.!'s base· Open — 10t gap
Hvala's base· Open — unwalled flank
Smoothed initial terrain · ◌ = detected wall gap · hover for details
Inputs per minute
— elyas007 - - LeonMastin
Build order — elyas007
First 150 of 513 actions detected
| 0:12 | Build | Town Center |
| 1:41 | Build | House |
| 2:01 | Build | House |
| 2:26 | Build | Dock |
| 2:38 | Create | Villager (Male) ×4 |
| 2:38 | Create | Villager (Male) ×4 |
| 2:39 | Research | Loom |
| 4:35 | Create | Villager (Male) |
| 4:35 | Create | Villager (Male) |
| 4:35 | Create | Villager (Male) |
| 4:35 | Create | Villager (Male) |
| 5:08 | Create | Villager (Male) |
| 5:08 | Create | Villager (Male) |
| 5:28 | Create | Villager (Male) |
| 5:28 | Create | Villager (Male) |
| 5:28 | Create | Villager (Male) |
| 6:09 | Create | Fishing Ship |
| 6:16 | Create | Villager (Male) |
| 6:16 | Create | Villager (Male) |
| 6:31 | Build | House |
| 6:35 | Build | House |
| 6:39 | Create | Villager (Male) ×2 |
| 6:39 | Create | Villager (Male) ×2 |
| 7:18 | Create | Villager (Male) |
| 7:18 | Create | Villager (Male) |
| 7:45 | Create | Villager (Male) |
| 7:45 | Create | Villager (Male) |
| 7:56 | Build | Dock |
| 8:18 | Create | Fishing Ship |
| 8:37 | Create | Villager (Male) |
| 8:37 | Create | Villager (Male) |
| 8:37 | Create | Villager (Male) |
| 8:53 | Create | Fishing Ship |
| 8:53 | Create | Fishing Ship |
| 9:19 | Create | Villager (Male) |
| 9:20 | Create | Villager (Male) |
| 9:20 | Create | Villager (Male) |
| 9:20 | Create | Villager (Male) |
| 9:48 | Create | Fishing Ship |
| 9:48 | Create | Fishing Ship |
| 9:49 | Create | Fishing Ship |
| 9:49 | Create | Fishing Ship |
| 10:15 | Build | Lumber Camp |
| 10:38 | Build | House |
| 10:45 | Create | Fishing Ship |
| 10:55 | Build | House |
| 10:59 | Build | House |
| 11:11 | Create | Fishing Ship |
| 11:11 | Create | Fishing Ship |
| 11:32 | Create | Fishing Ship |
| 11:32 | Create | Fishing Ship |
| 11:33 | Create | Fishing Ship |
| 11:51 | Build | Mining Camp |
| 12:13 | Create | Fishing Ship |
| 12:14 | Create | Fishing Ship |
| 12:14 | Create | Fishing Ship |
| 12:32 | Build | Lumber Camp |
| 12:40 | Create | Fishing Ship |
| 13:07 | Create | Fishing Ship |
| 13:07 | Create | Fishing Ship |
| 13:18 | Research | Feudal Age |
| 13:46 | Create | Fishing Ship |
| 13:46 | Create | Fishing Ship |
| 13:46 | Create | Fishing Ship |
| 13:59 | Create | Villager (Male) |
| 13:59 | Create | Villager (Male) |
| 13:59 | Create | Villager (Male) |
| 14:06 | Create | Villager (Male) |
| 14:19 | Create | Fishing Ship |
| 14:19 | Create | Fishing Ship |
| 15:28 | Age | Feudal Age |
| 15:40 | Research | Tech 906 |
| 15:44 | Research | Double-Bit Axe |
| 15:46 | Research | Gold Mining |
| 15:51 | Research | Wheelbarrow |
| 16:03 | Build | House |
| 16:06 | Build | House |
| 16:07 | Build | House |
| 16:08 | Build | House |
| 16:18 | Create | Villager (Male) |
| 16:19 | Create | Villager (Male) |
| 16:19 | Create | Villager (Male) |
| 16:51 | Build | Fish Trap |
| 16:52 | Build | Fish Trap |
| 16:53 | Build | Fish Trap |
| 16:53 | Build | Fish Trap |
| 16:54 | Build | Fish Trap |
| 16:56 | Build | Fish Trap |
| 17:03 | Build | Fish Trap |
| 17:04 | Build | Fish Trap |
| 17:23 | Build | Blacksmith |
| 17:27 | Build | Mill |
| 18:24 | Build | Market |
| 18:50 | Research | Castle Age |
| 19:15 | Build | Fish Trap |
| 19:16 | Build | Fish Trap |
| 19:17 | Build | Fish Trap |
| 19:46 | Build | Barracks |
| 20:04 | Research | Stone Mining |
| 21:30 | Age | Castle Age |
| 21:42 | Build | Town Center |
| 21:48 | Research | Bow Saw |
| 21:50 | Research | Horse Collar |
| 22:54 | Build | Town Center |
| 22:57 | Research | Hand Cart |
| 22:58 | Create | Villager (Male) ×5 |
| 22:58 | Create | Villager (Male) ×5 |
| 22:58 | Create | Villager (Male) ×5 |
| 23:12 | Research | Stone Shaft Mining |
| 23:38 | Research | Pikeman (upgrade) |
| 24:01 | Build | Barracks |
| 24:50 | Create | Demolition Raft |
| 24:56 | Research | Tech 905 |
| 25:10 | Create | Villager (Male) ×5 |
| 25:10 | Create | Villager (Male) ×5 |
| 25:10 | Create | Villager (Male) ×5 |
| 25:35 | Research | Heavy Plow |
| 25:39 | Build | Farm |
| 25:40 | Build | Farm |
| 25:40 | Build | Farm |
| 25:40 | Build | Farm |
| 25:41 | Build | Farm |
| 25:41 | Build | Farm |
| 25:41 | Build | Farm |
| 26:05 | Build | Castle |
| 26:20 | Build | Farm |
| 26:21 | Build | Farm |
| 26:21 | Build | Farm |
| 26:21 | Build | Farm |
| 26:22 | Build | Farm |
| 26:34 | Build | Farm |
| 27:03 | Build | Farm |
| 27:04 | Build | Farm |
| 27:04 | Build | Farm |
| 27:04 | Build | Farm |
| 27:04 | Build | Farm |
| 27:05 | Build | Farm |
| 27:13 | Build | Farm |
| 27:17 | Create | Villager (Male) ×5 |
| 27:17 | Create | Villager (Male) ×2 |
| 27:18 | Create | Villager (Male) ×2 |
| 27:32 | Build | Farm |
| 27:39 | Build | Farm |
| 27:39 | Build | Farm |
| 27:55 | Build | Siege Workshop |
| 28:16 | Create | Spearman |
| 28:16 | Create | Spearman |
| 28:26 | Build | Siege Workshop |
| 28:35 | Create | Villager (Male) |
| 28:35 | Create | Villager (Male) |
Build order — LeonMastin
First 150 of 809 actions detected
| 0:59 | Build | Dock |
| 1:22 | Build | Town Center |
| 3:54 | Research | Loom |
| 4:13 | Create | Villager (Male) |
| 4:13 | Create | Villager (Male) |
| 4:13 | Create | Villager (Male) |
| 4:47 | Create | Villager (Male) |
| 4:47 | Create | Villager (Male) |
| 5:14 | Create | Villager (Male) |
| 5:14 | Create | Villager (Male) |
| 5:14 | Create | Villager (Male) |
| 5:59 | Create | Villager (Male) |
| 5:59 | Create | Villager (Male) |
| 6:00 | Create | Villager (Male) |
| 6:02 | Create | Villager (Male) |
| 6:03 | Create | Villager (Male) |
| 6:41 | Create | Villager (Male) |
| 6:41 | Create | Villager (Male) |
| 6:42 | Create | Villager (Male) |
| 6:45 | Create | Fishing Ship |
| 7:10 | Create | Villager (Male) |
| 7:10 | Create | Villager (Male) |
| 7:39 | Create | Villager (Male) |
| 7:39 | Create | Villager (Male) |
| 7:42 | Build | House |
| 7:51 | Create | Fishing Ship |
| 8:29 | Create | Villager (Male) |
| 8:31 | Create | Fishing Ship |
| 8:46 | Build | House |
| 8:52 | Create | Fishing Ship |
| 9:10 | Build | House |
| 9:40 | Build | Mill |
| 9:57 | Create | Villager (Male) |
| 9:57 | Create | Villager (Male) |
| 10:32 | Create | Villager (Male) |
| 11:00 | Build | Dock |
| 11:13 | Create | Villager (Male) |
| 11:32 | Create | Fishing Ship |
| 11:42 | Create | Fishing Ship |
| 11:47 | Create | Villager (Male) |
| 12:20 | Create | Fishing Ship |
| 12:24 | Create | Fishing Ship |
| 12:32 | Create | Villager (Male) |
| 12:38 | Research | Feudal Age |
| 12:55 | Build | Mining Camp |
| 13:18 | Build | Outpost |
| 13:55 | Build | Barracks |
| 14:39 | Build | House |
| 15:07 | Age | Feudal Age |
| 15:10 | Build | Archery Range |
| 15:17 | Build | Watch Tower |
| 15:23 | Create | Spearman |
| 15:24 | Create | Spearman |
| 15:28 | Create | Villager (Male) |
| 15:29 | Create | Villager (Male) |
| 15:50 | Build | House |
| 15:59 | Create | Villager (Male) |
| 16:09 | Create | Archer |
| 16:09 | Create | Archer |
| 17:03 | Build | Watch Tower |
| 17:12 | Create | Archer |
| 17:16 | Create | Villager (Male) |
| 17:16 | Create | Villager (Male) |
| 17:33 | Build | Blacksmith |
| 18:22 | Create | Archer |
| 18:45 | Create | Villager (Male) |
| 18:45 | Create | Villager (Male) |
| 18:50 | Build | Lumber Camp |
| 18:52 | Create | Villager (Male) |
| 18:52 | Create | Villager (Male) |
| 19:18 | Research | Scale Barding Armor |
| 19:21 | Research | Padded Archer Armor |
| 19:22 | Research | Fletching |
| 19:33 | Create | Archer |
| 19:33 | Create | Archer |
| 19:45 | Create | Villager (Male) |
| 19:45 | Create | Villager (Male) |
| 19:49 | Create | Demolition Raft |
| 19:49 | Create | Demolition Raft |
| 20:00 | Build | House |
| 20:02 | Build | House |
| 20:03 | Build | House |
| 20:09 | Build | House |
| 20:10 | Build | House |
| 20:20 | Build | House |
| 20:21 | Build | House |
| 20:34 | Create | Archer |
| 20:51 | Create | Unit 2626 |
| 21:01 | Create | Unit 2626 |
| 21:11 | Create | Fire Galley |
| 21:17 | Create | Fire Galley |
| 21:31 | Build | Dock |
| 21:33 | Create | Villager (Male) |
| 21:33 | Create | Villager (Male) |
| 22:18 | Build | Market |
| 22:21 | Create | Archer |
| 22:27 | Create | Skirmisher |
| 22:53 | Build | Mining Camp |
| 23:12 | Build | Stable |
| 23:38 | Research | Castle Age |
| 23:38 | Research | Castle Age |
| 23:42 | Create | Villager (Male) |
| 23:42 | Create | Villager (Male) |
| 23:43 | Research | Double-Bit Axe |
| 23:49 | Research | Gold Mining |
| 23:49 | Research | Stone Mining |
| 24:29 | Build | Stable |
| 26:18 | Age | Castle Age |
| 26:34 | Build | Town Center |
| 26:40 | Create | Villager (Male) |
| 26:40 | Create | Villager (Male) |
| 26:41 | Create | Villager (Male) |
| 26:43 | Research | Wheelbarrow |
| 26:44 | Research | Town Watch |
| 26:59 | Build | Town Center |
| 27:16 | Create | Knight |
| 27:16 | Create | Knight |
| 27:17 | Create | Knight |
| 27:20 | Build | House |
| 27:22 | Build | House |
| 27:29 | Build | Lumber Camp |
| 27:54 | Build | Stone Wall |
| 27:59 | Create | Villager (Male) |
| 27:59 | Create | Villager (Male) |
| 27:59 | Create | Villager (Male) |
| 28:22 | Create | Villager (Male) |
| 28:22 | Create | Villager (Male) |
| 28:36 | Build | House |
| 28:48 | Build | Farm |
| 28:54 | Build | Farm |
| 28:58 | Build | Farm |
| 29:32 | Create | Villager (Male) |
| 29:33 | Create | Villager (Male) |
| 29:33 | Create | Villager (Male) |
| 30:01 | Create | Villager (Male) |
| 30:01 | Create | Villager (Male) |
| 30:01 | Create | Villager (Male) |
| 30:02 | Create | Villager (Male) |
| 30:08 | Build | Monastery |
| 30:30 | Build | Town Center |
| 30:47 | Build | Farm |
| 30:49 | Create | Villager (Male) |
| 30:58 | Create | Knight |
| 30:58 | Create | Knight |
| 31:22 | Build | Mining Camp |
| 31:41 | Create | Villager (Male) |
| 31:41 | Create | Villager (Male) |
| 31:43 | Create | Monk |
| 31:51 | Create | Villager (Male) |
| 31:51 | Create | Villager (Male) |
Build order — Papi
First 150 of 1019 actions detected
| 1:04 | Build | Town Center |
| 2:43 | Build | House |
| 2:48 | Build | House |
| 3:41 | Create | Villager (Male) |
| 3:42 | Create | Villager (Male) |
| 3:42 | Create | Villager (Male) |
| 3:42 | Create | Villager (Male) |
| 3:42 | Create | Villager (Male) |
| 5:02 | Create | Villager (Male) |
| 5:19 | Build | Dock |
| 5:45 | Create | Villager (Male) |
| 6:00 | Create | Villager (Male) |
| 6:32 | Research | Loom |
| 6:52 | Create | Villager (Male) |
| 7:16 | Build | House |
| 7:18 | Build | House |
| 7:22 | Create | Villager (Male) |
| 7:28 | Create | Villager (Male) |
| 8:04 | Build | Mill |
| 8:37 | Build | House |
| 8:47 | Create | Villager (Male) |
| 8:47 | Create | Villager (Male) |
| 9:13 | Create | Villager (Male) |
| 9:15 | Create | Fishing Ship |
| 9:16 | Create | Fishing Ship |
| 9:46 | Create | Villager (Male) |
| 9:47 | Create | Villager (Male) |
| 9:51 | Create | Fishing Ship |
| 9:51 | Create | Fishing Ship |
| 10:12 | Create | Villager (Male) |
| 10:28 | Create | Fishing Ship |
| 10:35 | Create | Villager (Male) |
| 11:01 | Create | Villager (Male) |
| 11:04 | Create | Fishing Ship |
| 11:25 | Create | Villager (Male) |
| 11:25 | Create | Villager (Male) |
| 11:35 | Create | Fishing Ship |
| 11:55 | Create | Villager (Male) |
| 11:59 | Create | Fishing Ship |
| 12:16 | Create | Fishing Ship |
| 12:31 | Build | House |
| 12:39 | Build | House |
| 12:42 | Create | Villager (Male) |
| 13:02 | Create | Villager (Male) |
| 13:11 | Create | Fishing Ship |
| 13:28 | Build | Palisade Wall |
| 13:41 | Build | Palisade Gate |
| 13:45 | Build | Palisade Wall |
| 13:52 | Create | Villager (Male) |
| 13:56 | Create | Fishing Ship |
| 14:13 | Research | Feudal Age |
| 14:23 | Build | Mining Camp |
| 14:49 | Build | Barracks |
| 14:54 | Create | Villager (Male) |
| 15:24 | Build | Mining Camp |
| 15:59 | Create | Villager (Male) |
| 16:27 | Age | Feudal Age |
| 16:36 | Build | Watch Tower |
| 16:45 | Build | Stone Wall |
| 16:49 | Build | Gate |
| 16:59 | Create | Villager (Male) |
| 17:08 | Build | Market |
| 17:16 | Create | Villager (Male) |
| 17:24 | Create | Villager (Male) |
| 17:37 | Create | Villager (Male) |
| 17:44 | Research | Gold Mining |
| 18:03 | Build | Archery Range |
| 18:10 | Create | Villager (Male) |
| 18:30 | Build | Archery Range |
| 18:33 | Create | Skirmisher |
| 18:37 | Create | Villager (Male) |
| 18:37 | Create | Villager (Male) |
| 18:37 | Create | Villager (Male) |
| 18:52 | Research | Castle Age |
| 19:06 | Create | Skirmisher |
| 19:06 | Create | Skirmisher |
| 19:06 | Create | Skirmisher |
| 19:06 | Create | Skirmisher |
| 19:15 | Build | House |
| 19:20 | Build | House |
| 19:39 | Build | Blacksmith |
| 19:47 | Create | Villager (Male) |
| 20:09 | Build | House |
| 20:10 | Build | House |
| 20:11 | Build | House |
| 20:19 | Research | Fletching |
| 21:00 | Build | Farm |
| 21:00 | Build | Farm |
| 21:00 | Build | Farm |
| 21:01 | Build | Farm |
| 21:01 | Build | Farm |
| 21:02 | Build | Farm |
| 21:02 | Build | Farm |
| 21:05 | Create | Villager (Male) |
| 21:22 | Create | Skirmisher |
| 21:23 | Create | Skirmisher |
| 21:23 | Create | Skirmisher |
| 21:38 | Age | Castle Age |
| 21:48 | Create | Villager (Male) |
| 21:55 | Create | Villager (Male) |
| 22:12 | Build | Castle |
| 22:15 | Create | Villager (Male) |
| 22:18 | Create | Villager (Male) |
| 22:29 | Research | Horse Collar |
| 22:30 | Create | Villager (Male) |
| 22:35 | Build | Lumber Camp |
| 22:52 | Create | Villager (Male) |
| 22:52 | Create | Villager (Male) |
| 22:52 | Create | Villager (Male) |
| 23:41 | Build | Siege Workshop |
| 23:46 | Create | Villager (Male) |
| 24:08 | Research | Padded Archer Armor |
| 24:17 | Create | Villager (Male) |
| 24:22 | Create | Battering Ram |
| 24:31 | Create | Villager (Male) |
| 24:47 | Create | Villager (Male) |
| 25:05 | Build | University |
| 25:12 | Create | Villager (Male) |
| 25:28 | Create | Villager (Male) |
| 25:45 | Build | Dock |
| 25:49 | Create | Villager (Male) |
| 26:07 | Create | Skirmisher |
| 26:08 | Create | Skirmisher |
| 26:08 | Create | Skirmisher |
| 26:08 | Create | Skirmisher |
| 26:08 | Create | Skirmisher |
| 26:09 | Create | Skirmisher |
| 26:26 | Create | Villager (Male) |
| 26:47 | Create | Battering Ram |
| 27:04 | Research | Stone Mining |
| 27:10 | Build | Farm |
| 27:10 | Build | Farm |
| 27:10 | Build | Farm |
| 27:10 | Build | Farm |
| 27:11 | Build | Farm |
| 27:11 | Build | Farm |
| 27:11 | Build | Farm |
| 27:27 | Create | Villager (Male) |
| 27:45 | Create | Villager (Male) |
| 27:56 | Create | Villager (Male) |
| 28:01 | Build | Farm |
| 28:01 | Build | Farm |
| 28:01 | Build | Farm |
| 28:01 | Build | Farm |
| 28:01 | Build | Farm |
| 28:02 | Build | Farm |
| 28:02 | Build | Farm |
| 28:10 | Create | Villager (Male) |
| 28:29 | Research | Bodkin Arrow |
| 28:31 | Create | Villager (Male) |
Build order — JUNIORPLAYBOY
First 150 of 381 actions detected
| 0:39 | Build | Town Center |
| 3:12 | Create | Villager (Male) |
| 3:46 | Create | Villager (Male) |
| 4:06 | Build | House |
| 4:14 | Create | Villager (Male) |
| 4:36 | Build | House |
| 4:49 | Create | Villager (Male) |
| 5:01 | Build | Mill |
| 5:05 | Create | Villager (Male) |
| 5:22 | Build | House |
| 6:14 | Create | Villager (Male) |
| 6:40 | Create | Villager (Male) |
| 7:04 | Create | Villager (Male) |
| 7:16 | Create | Villager (Male) |
| 7:35 | Create | Villager (Male) |
| 7:59 | Create | Villager (Male) |
| 8:52 | Build | Lumber Camp |
| 10:05 | Research | Feudal Age |
| 10:50 | Create | Villager (Male) |
| 12:15 | Age | Feudal Age |
| 12:22 | Create | Villager (Male) |
| 12:23 | Research | Wheelbarrow |
| 12:41 | Research | Double-Bit Axe |
| 12:52 | Build | Farm |
| 12:56 | Build | Farm |
| 13:06 | Create | Villager (Male) |
| 13:25 | Build | Mining Camp |
| 14:05 | Create | Villager (Male) |
| 14:08 | Create | Villager (Male) |
| 14:09 | Research | Loom |
| 14:22 | Research | Horse Collar |
| 14:54 | Build | House |
| 14:57 | Build | House |
| 15:21 | Create | Villager (Male) |
| 15:41 | Build | House |
| 15:52 | Build | Barracks |
| 16:01 | Create | Villager (Male) |
| 16:08 | Create | Villager (Male) |
| 16:14 | Build | Farm |
| 16:17 | Build | Farm |
| 16:32 | Create | Villager (Male) |
| 16:58 | Build | Farm |
| 17:26 | Build | House |
| 17:32 | Build | House |
| 17:34 | Build | House |
| 17:46 | Build | House |
| 18:04 | Create | Villager (Male) |
| 18:30 | Build | Farm |
| 18:36 | Build | Farm |
| 18:51 | Build | Farm |
| 18:56 | Build | Farm |
| 19:23 | Build | Farm |
| 19:57 | Create | Villager (Male) |
| 20:21 | Build | Blacksmith |
| 20:35 | Build | Market |
| 20:38 | Create | Villager (Male) |
| 21:04 | Create | Villager (Male) |
| 21:51 | Research | Castle Age |
| 22:15 | Research | Gold Mining |
| 23:46 | Create | Spearman |
| 23:47 | Create | Spearman |
| 23:49 | Create | Spearman |
| 23:49 | Create | Spearman |
| 24:18 | Research | Fletching |
| 24:31 | Age | Castle Age |
| 24:38 | Build | University |
| 24:43 | Build | Monastery |
| 24:51 | Build | Castle |
| 24:56 | Create | Villager (Male) |
| 25:03 | Create | Villager (Male) |
| 25:18 | Build | House |
| 25:19 | Build | House |
| 25:39 | Create | Monk |
| 25:55 | Create | Villager (Male) |
| 25:57 | Create | Villager (Male) |
| 26:01 | Research | Hand Cart |
| 26:32 | Create | Organ Gun |
| 26:54 | Create | Villager (Male) |
| 26:55 | Create | Villager (Male) |
| 26:57 | Create | Villager (Male) |
| 27:03 | Create | Organ Gun |
| 27:04 | Create | Organ Gun |
| 27:43 | Create | Organ Gun |
| 27:54 | Create | Villager (Male) |
| 27:56 | Create | Villager (Male) |
| 28:19 | Create | Villager (Male) |
| 28:20 | Create | Villager (Male) |
| 28:50 | Build | Town Center |
| 29:06 | Create | Villager (Male) |
| 29:35 | Create | Organ Gun |
| 29:52 | Research | Murder Holes |
| 30:03 | Create | Organ Gun |
| 30:26 | Create | Villager (Male) |
| 30:27 | Create | Villager (Male) |
| 30:29 | Create | Villager (Male) |
| 30:30 | Create | Villager (Male) |
| 30:33 | Create | Organ Gun |
| 30:44 | Build | House |
| 30:45 | Build | House |
| 30:49 | Build | House |
| 30:53 | Create | Villager (Male) |
| 30:58 | Create | Organ Gun |
| 31:35 | Create | Organ Gun |
| 32:05 | Create | Villager (Male) |
| 32:06 | Create | Villager (Male) |
| 32:15 | Build | Siege Workshop |
| 32:17 | Create | Organ Gun |
| 32:20 | Create | Organ Gun |
| 32:34 | Create | Villager (Male) |
| 32:34 | Create | Villager (Male) |
| 32:39 | Create | Villager (Male) |
| 32:40 | Create | Villager (Male) |
| 32:57 | Create | Villager (Male) |
| 33:02 | Create | Battering Ram |
| 33:18 | Create | Villager (Male) |
| 33:24 | Create | Villager (Male) |
| 33:24 | Create | Villager (Male) |
| 33:25 | Create | Villager (Male) |
| 33:27 | Create | Organ Gun |
| 33:28 | Create | Organ Gun |
| 34:02 | Create | Battering Ram |
| 34:04 | Create | Battering Ram |
| 34:17 | Create | Organ Gun |
| 36:01 | Build | Siege Workshop |
| 36:19 | Build | Castle |
| 36:23 | Create | Battering Ram |
| 36:25 | Create | Battering Ram |
| 36:26 | Create | Battering Ram |
| 37:35 | Create | Battering Ram |
| 37:35 | Create | Battering Ram |
| 37:39 | Create | Battering Ram |
| 38:31 | Create | Organ Gun |
| 38:32 | Create | Organ Gun |
| 38:33 | Create | Organ Gun |
| 38:51 | Build | Mining Camp |
| 40:11 | Create | Battering Ram |
| 40:12 | Create | Battering Ram |
| 40:12 | Create | Battering Ram |
| 40:32 | Create | Villager (Male) |
| 40:32 | Create | Villager (Male) |
| 40:33 | Create | Villager (Male) |
| 40:33 | Create | Villager (Male) |
| 40:34 | Create | Villager (Male) |
| 41:59 | Create | Organ Gun |
| 41:59 | Create | Organ Gun |
| 42:00 | Create | Organ Gun |
| 42:00 | Create | Organ Gun |
| 43:28 | Create | Battering Ram |
| 43:37 | Build | Lumber Camp |
| 43:42 | Create | Battering Ram |
Build order — 維忒茲/Watezu
First 150 of 519 actions detected
| 2:19 | Build | Town Center |
| 4:04 | Build | House |
| 4:42 | Build | House |
| 4:44 | Create | Villager (Male) |
| 4:44 | Create | Villager (Male) |
| 5:17 | Create | Villager (Male) |
| 5:20 | Create | Villager (Male) |
| 6:36 | Create | Villager (Male) |
| 6:55 | Create | Villager (Male) |
| 7:12 | Create | Villager (Male) |
| 7:30 | Build | Dock |
| 7:42 | Create | Villager (Male) |
| 7:54 | Build | House |
| 8:11 | Create | Villager (Male) |
| 8:14 | Create | Fishing Ship |
| 8:48 | Create | Villager (Male) |
| 8:57 | Create | Fishing Ship |
| 9:23 | Create | Villager (Male) |
| 9:35 | Create | Villager (Male) |
| 9:45 | Create | Fishing Ship |
| 9:51 | Build | House |
| 10:08 | Create | Villager (Male) |
| 10:37 | Build | Lumber Camp |
| 10:47 | Create | Villager (Male) |
| 10:48 | Create | Villager (Male) |
| 11:15 | Create | Villager (Male) |
| 11:37 | Create | Villager (Male) |
| 11:43 | Build | House |
| 11:56 | Research | Loom |
| 12:25 | Research | Feudal Age |
| 12:36 | Create | Fishing Ship |
| 12:37 | Create | Fishing Ship |
| 13:10 | Build | Mining Camp |
| 13:12 | Build | House |
| 13:45 | Build | Mill |
| 14:37 | Age | Feudal Age |
| 14:50 | Create | Galley |
| 15:14 | Create | Fire Galley |
| 15:23 | Create | Villager (Male) |
| 15:24 | Create | Villager (Male) |
| 15:43 | Create | Fire Galley |
| 15:47 | Create | Fire Galley |
| 15:50 | Create | Galley |
| 15:55 | Create | Villager (Male) |
| 16:02 | Research | Horse Collar |
| 16:05 | Research | Double-Bit Axe |
| 16:10 | Build | House |
| 16:18 | Create | Villager (Male) |
| 16:48 | Create | Villager (Male) |
| 17:20 | Build | Blacksmith |
| 17:33 | Build | Market |
| 17:52 | Create | Fire Galley |
| 17:52 | Create | Galley |
| 18:01 | Research | Town Watch |
| 18:10 | Create | Villager (Male) |
| 18:28 | Build | Mining Camp |
| 18:38 | Research | Castle Age |
| 20:23 | Research | Stone Mining |
| 20:25 | Research | Gold Mining |
| 20:35 | Create | Demolition Raft |
| 21:31 | Age | Castle Age |
| 21:39 | Build | Town Center |
| 21:44 | Create | Villager (Male) |
| 21:45 | Create | Villager (Male) |
| 22:00 | Research | Tech 905 |
| 22:08 | Research | Tech 905 |
| 22:12 | Create | Transport Ship |
| 22:36 | Build | Siege Workshop |
| 22:40 | Build | Lumber Camp |
| 22:47 | Build | Siege Workshop |
| 22:50 | Create | Villager (Male) |
| 22:51 | Create | Villager (Male) |
| 22:53 | Create | Villager (Male) |
| 23:04 | Build | House |
| 23:09 | Build | House |
| 23:10 | Build | House |
| 23:25 | Create | Unit 1105 |
| 23:54 | Create | Villager (Male) |
| 24:18 | Build | Farm |
| 24:18 | Build | Farm |
| 24:18 | Build | Farm |
| 24:19 | Build | Farm |
| 24:28 | Create | Villager (Male) |
| 24:45 | Create | Villager (Male) |
| 25:03 | Create | Villager (Male) |
| 26:07 | Build | Barracks |
| 26:12 | Create | Villager (Male) |
| 26:17 | Create | Villager (Male) |
| 26:17 | Create | Villager (Male) |
| 26:53 | Create | Villager (Male) |
| 26:53 | Create | Villager (Male) |
| 27:00 | Create | Villager (Male) |
| 27:10 | Build | Mining Camp |
| 27:36 | Create | Villager (Male) |
| 27:36 | Create | Villager (Male) |
| 27:42 | Build | Farm |
| 27:42 | Build | Farm |
| 27:59 | Research | Heavy Plow |
| 28:07 | Build | Farm |
| 28:08 | Build | Farm |
| 28:09 | Build | Farm |
| 28:10 | Build | Farm |
| 28:40 | Research | War Galley (upgrade) |
| 28:48 | Create | Galley |
| 28:49 | Create | Fire Galley |
| 29:04 | Build | Dock |
| 29:12 | Create | Villager (Male) |
| 29:14 | Create | Villager (Male) |
| 29:15 | Create | Villager (Male) |
| 29:16 | Create | Villager (Male) |
| 29:23 | Build | Farm |
| 29:24 | Build | Farm |
| 29:36 | Build | University |
| 29:59 | Build | Castle |
| 30:12 | Create | Villager (Male) |
| 30:16 | Research | Fletching |
| 30:39 | Research | Masonry |
| 30:48 | Create | Villager (Male) |
| 30:48 | Create | Villager (Male) |
| 31:14 | Create | Galley |
| 31:14 | Create | Galley |
| 31:19 | Create | Galley |
| 31:19 | Create | Galley |
| 31:39 | Build | Stone Wall |
| 32:21 | Research | Bodkin Arrow |
| 33:07 | Research | Tech 906 |
| 33:32 | Build | Mill |
| 33:59 | Create | Mangonel |
| 34:07 | Build | Stone Wall |
| 34:19 | Research | Wheelbarrow |
| 34:42 | Build | Castle |
| 34:57 | Build | Gate |
| 34:59 | Build | Stone Wall |
| 35:22 | Create | Teutonic Knight |
| 35:29 | Create | Teutonic Knight |
| 36:18 | Build | Gate |
| 36:29 | Build | Stone Wall |
| 36:32 | Build | Stone Wall |
| 36:42 | Build | Gate |
| 36:49 | Create | Teutonic Knight |
| 36:57 | Research | Bow Saw |
| 37:10 | Build | Mining Camp |
| 38:15 | Build | Mining Camp |
| 39:15 | Build | Gate |
| 39:29 | Build | Mining Camp |
| 39:35 | Research | Imperial Age |
| 39:49 | Research | Fortified Wall (upgrade) |
| 39:51 | Research | Ballistics |
| 39:55 | Build | Stone Wall |
| 39:59 | Build | Stone Wall |
Build order — AustinQ
First 150 of 663 actions detected
| 0:31 | Build | Town Center |
| 1:51 | Build | House |
| 2:56 | Create | Villager (Male) |
| 2:57 | Research | Loom |
| 2:57 | Create | Villager (Male) |
| 2:57 | Create | Villager (Male) |
| 2:58 | Create | Villager (Male) |
| 3:24 | Build | Dock |
| 4:30 | Create | Fishing Ship |
| 4:30 | Create | Fishing Ship |
| 4:58 | Create | Villager (Male) |
| 4:59 | Create | Villager (Male) |
| 5:21 | Create | Villager (Male) |
| 5:21 | Create | Villager (Male) |
| 5:31 | Build | House |
| 5:36 | Build | House |
| 5:57 | Create | Villager (Male) |
| 5:57 | Create | Villager (Male) |
| 6:26 | Create | Villager (Male) |
| 6:27 | Create | Villager (Male) |
| 6:33 | Build | House |
| 6:54 | Create | Villager (Male) |
| 6:55 | Create | Villager (Male) |
| 7:11 | Build | Mill |
| 7:16 | Create | Villager (Male) |
| 7:30 | Build | Lumber Camp |
| 7:43 | Create | Villager (Male) |
| 8:11 | Create | Villager (Male) |
| 8:11 | Create | Villager (Male) |
| 8:13 | Create | Fishing Ship |
| 8:13 | Create | Fishing Ship |
| 8:33 | Create | Villager (Male) |
| 8:33 | Create | Villager (Male) |
| 8:41 | Create | Fishing Ship |
| 8:42 | Create | Fishing Ship |
| 9:13 | Create | Villager (Male) |
| 9:13 | Create | Villager (Male) |
| 9:19 | Create | Fishing Ship |
| 9:33 | Create | Villager (Male) |
| 9:33 | Create | Villager (Male) |
| 9:49 | Create | Villager (Male) |
| 9:52 | Create | Fishing Ship |
| 10:12 | Build | House |
| 10:14 | Build | House |
| 10:17 | Create | Villager (Male) |
| 10:33 | Create | Villager (Male) |
| 10:35 | Create | Fishing Ship |
| 11:04 | Build | House |
| 11:22 | Create | Villager (Male) |
| 11:25 | Create | Fishing Ship |
| 11:46 | Create | Villager (Male) |
| 11:54 | Create | Villager (Male) |
| 12:04 | Build | Mill |
| 12:12 | Research | Feudal Age |
| 12:31 | Create | Fishing Ship |
| 12:48 | Create | Villager (Male) |
| 13:06 | Build | Dock |
| 13:10 | Create | Fishing Ship |
| 14:01 | Create | Fishing Ship |
| 14:09 | Build | House |
| 14:10 | Build | House |
| 14:12 | Build | House |
| 14:18 | Create | Villager (Male) |
| 14:19 | Create | Villager (Male) |
| 14:29 | Age | Feudal Age |
| 14:31 | Research | Double-Bit Axe |
| 14:57 | Create | Transport Ship |
| 15:22 | Create | Transport Ship |
| 15:33 | Build | Mining Camp |
| 15:40 | Create | Villager (Male) |
| 15:41 | Create | Villager (Male) |
| 15:41 | Create | Villager (Male) |
| 15:59 | Research | Wheelbarrow |
| 16:11 | Create | Transport Ship |
| 16:13 | Create | Transport Ship |
| 16:24 | Create | Galley |
| 16:31 | Create | Galley |
| 16:34 | Create | Galley |
| 16:36 | Create | Villager (Male) |
| 16:36 | Create | Villager (Male) |
| 16:40 | Research | Gold Mining |
| 17:11 | Build | Blacksmith |
| 17:20 | Create | Galley |
| 17:23 | Create | Galley |
| 17:31 | Create | Villager (Male) |
| 17:33 | Research | Stone Mining |
| 18:09 | Build | Market |
| 18:14 | Create | Galley |
| 18:28 | Research | Town Watch |
| 18:28 | Create | Villager (Male) |
| 18:33 | Research | Fletching |
| 18:49 | Create | Transport Ship |
| 18:57 | Create | Galley |
| 19:01 | Create | Galley |
| 19:18 | Build | Stone Wall |
| 19:23 | Build | Gate |
| 19:28 | Research | Castle Age |
| 19:30 | Create | Villager (Male) |
| 19:34 | Create | Galley |
| 19:37 | Create | Galley |
| 19:57 | Create | Villager (Male) |
| 20:15 | Create | Galley |
| 20:21 | Create | Villager (Male) |
| 20:34 | Build | Dock |
| 20:49 | Build | House |
| 20:50 | Build | House |
| 20:52 | Build | House |
| 21:12 | Research | Padded Archer Armor |
| 21:31 | Build | Barracks |
| 21:52 | Create | Galley |
| 21:52 | Create | Galley |
| 22:03 | Create | Villager (Male) |
| 22:14 | Age | Castle Age |
| 22:15 | Research | Bodkin Arrow |
| 22:15 | Research | Bodkin Arrow |
| 22:19 | Research | Bow Saw |
| 22:35 | Research | War Galley (upgrade) |
| 23:05 | Build | Dock |
| 23:54 | Research | Hand Cart |
| 24:06 | Build | Town Center |
| 24:09 | Create | Villager (Male) |
| 24:23 | Create | Transport Ship |
| 24:27 | Create | Galley |
| 24:28 | Create | Galley |
| 24:28 | Create | Galley |
| 24:43 | Build | Outpost |
| 25:36 | Create | Villager (Male) |
| 25:36 | Create | Villager (Male) |
| 26:08 | Create | Demolition Raft |
| 26:10 | Create | Galley |
| 26:10 | Create | Galley |
| 26:14 | Create | Galley |
| 26:14 | Create | Galley |
| 26:15 | Create | Galley |
| 26:42 | Create | Villager (Male) |
| 26:43 | Create | Villager (Male) |
| 26:44 | Create | Villager (Male) |
| 26:44 | Create | Villager (Male) |
| 27:02 | Build | Lumber Camp |
| 27:19 | Create | Villager (Male) |
| 27:21 | Create | Villager (Male) |
| 27:21 | Create | Villager (Male) |
| 27:22 | Create | Villager (Male) |
| 27:29 | Research | Gold Shaft Mining |
| 27:55 | Build | House |
| 27:56 | Build | House |
| 27:57 | Build | House |
| 28:47 | Build | Castle |
| 28:51 | Create | Villager (Male) |
| 28:52 | Create | Villager (Male) |
Build order — jkeR.!
137 actions detected in the replay
| 0:36 | Build | Town Center |
| 2:06 | Build | House |
| 2:07 | Build | House |
| 2:42 | Build | Dock |
| 2:59 | Create | Villager (Male) |
| 3:00 | Create | Villager (Male) |
| 3:00 | Create | Villager (Male) |
| 3:00 | Create | Villager (Male) |
| 3:01 | Create | Villager (Male) |
| 4:31 | Create | Villager (Male) |
| 4:32 | Create | Villager (Male) |
| 4:34 | Create | Villager (Male) |
| 4:34 | Create | Villager (Male) |
| 5:16 | Create | Villager (Male) |
| 5:41 | Create | Villager (Male) |
| 6:26 | Create | Villager (Male) |
| 6:26 | Create | Villager (Male) |
| 6:56 | Create | Villager (Male) |
| 6:57 | Create | Villager (Male) |
| 7:08 | Build | House |
| 7:31 | Create | Fishing Ship |
| 7:34 | Create | Villager (Male) |
| 7:34 | Create | Villager (Male) |
| 7:34 | Create | Villager (Male) |
| 8:35 | Create | Villager (Male) |
| 8:36 | Create | Villager (Male) |
| 8:45 | Create | Fishing Ship |
| 8:57 | Build | House |
| 8:58 | Build | House |
| 9:06 | Build | Palisade Wall |
| 9:13 | Create | Villager (Male) |
| 9:16 | Create | Fishing Ship |
| 9:46 | Create | Villager (Male) |
| 9:57 | Build | Mill |
| 10:07 | Create | Villager (Male) |
| 10:27 | Build | Palisade Wall |
| 10:41 | Create | Villager (Male) |
| 10:41 | Create | Villager (Male) |
| 11:18 | Build | Barracks |
| 11:34 | Create | Fishing Ship |
| 11:36 | Create | Villager (Male) |
| 12:22 | Research | Feudal Age |
| 12:22 | Research | Feudal Age |
| 12:44 | Build | Mill |
| 13:01 | Build | House |
| 13:10 | Create | Fishing Ship |
| 14:03 | Build | Palisade Wall |
| 14:07 | Build | Palisade Gate |
| 14:19 | Create | Villager (Male) |
| 14:19 | Create | Villager (Male) |
| 14:21 | Create | Fishing Ship |
| 14:22 | Create | Fishing Ship |
| 14:32 | Age | Feudal Age |
| 15:17 | Build | Archery Range |
| 15:27 | Create | Villager (Male) |
| 15:47 | Create | Villager (Male) |
| 15:53 | Build | House |
| 15:56 | Build | House |
| 16:10 | Create | Villager (Male) |
| 16:10 | Create | Villager (Male) |
| 16:32 | Create | Villager (Male) |
| 16:32 | Create | Villager (Male) |
| 16:51 | Build | Blacksmith |
| 17:08 | Build | House |
| 17:09 | Build | House |
| 17:10 | Build | House |
| 17:11 | Build | House |
| 17:16 | Create | Villager (Male) |
| 17:41 | Build | Mining Camp |
| 17:52 | Create | Archer |
| 17:54 | Create | Archer |
| 18:10 | Build | Gate |
| 18:18 | Build | Gate |
| 18:26 | Build | Stone Wall |
| 18:30 | Research | Loom |
| 18:38 | Create | Spearman |
| 18:39 | Create | Spearman |
| 18:41 | Create | Villager (Male) |
| 18:58 | Create | Archer |
| 19:50 | Create | Spearman |
| 19:50 | Create | Spearman |
| 20:20 | Research | Castle Age |
| 20:20 | Research | Castle Age |
| 21:30 | Build | Mining Camp |
| 21:40 | Create | Archer |
| 21:41 | Create | Archer |
| 21:41 | Create | Archer |
| 21:46 | Create | Spearman |
| 21:46 | Create | Spearman |
| 21:47 | Create | Spearman |
| 22:45 | Create | Villager (Male) |
| 22:46 | Create | Villager (Male) |
| 22:46 | Create | Villager (Male) |
| 23:00 | Age | Castle Age |
| 23:14 | Create | Archer |
| 23:15 | Create | Archer |
| 23:18 | Create | Spearman |
| 23:18 | Create | Spearman |
| 23:18 | Create | Spearman |
| 23:19 | Create | Spearman |
| 23:55 | Create | Spearman |
| 23:56 | Create | Spearman |
| 24:46 | Build | Castle |
| 24:51 | Create | Villager (Male) |
| 24:51 | Create | Villager (Male) |
| 24:58 | Build | Town Center |
| 25:38 | Create | Spearman |
| 25:39 | Create | Spearman |
| 25:39 | Create | Spearman |
| 25:40 | Research | Pikeman (upgrade) |
| 26:20 | Create | Villager (Male) |
| 26:20 | Create | Villager (Male) |
| 26:35 | Create | Spearman |
| 27:16 | Create | Villager (Male) |
| 27:16 | Create | Villager (Male) |
| 27:39 | Create | Villager (Male) |
| 27:41 | Create | Villager (Male) |
| 27:41 | Create | Villager (Male) |
| 27:41 | Create | Villager (Male) |
| 27:51 | Create | War Wagon |
| 27:51 | Create | War Wagon |
| 27:52 | Create | War Wagon |
| 27:52 | Create | War Wagon |
| 28:17 | Create | Spearman |
| 28:17 | Create | Spearman |
| 28:20 | Create | Spearman |
| 28:55 | Create | Villager (Male) |
| 28:56 | Create | Villager (Male) |
| 29:07 | Create | War Wagon |
| 29:34 | Build | Castle |
| 31:02 | Create | War Wagon |
| 31:03 | Create | War Wagon |
| 31:03 | Create | War Wagon |
| 31:03 | Create | War Wagon |
| 31:40 | Create | Spearman |
| 31:40 | Create | Spearman |
| 31:41 | Create | Spearman |
Build order — Hvala
First 150 of 550 actions detected
| 0:40 | Build | Town Center |
| 2:53 | Create | Villager (Male) |
| 2:54 | Create | Villager (Male) |
| 2:54 | Create | Villager (Male) |
| 2:55 | Create | Villager (Male) |
| 2:58 | Build | House |
| 3:34 | Build | House |
| 4:25 | Create | Villager (Male) |
| 4:25 | Create | Villager (Male) |
| 4:40 | Build | Dock |
| 4:49 | Create | Villager (Male) |
| 4:50 | Create | Villager (Male) |
| 5:13 | Research | Loom |
| 5:57 | Create | Villager (Male) |
| 5:58 | Create | Villager (Male) |
| 5:58 | Create | Villager (Male) |
| 6:01 | Create | Villager (Male) |
| 6:44 | Create | Villager (Male) |
| 7:02 | Create | Villager (Male) |
| 7:07 | Build | House |
| 7:12 | Create | Villager (Male) |
| 7:49 | Create | Villager (Male) |
| 7:59 | Create | Fishing Ship |
| 8:07 | Create | Villager (Male) |
| 8:07 | Create | Villager (Male) |
| 8:30 | Create | Villager (Male) |
| 8:45 | Create | Fishing Ship |
| 9:03 | Build | House |
| 9:27 | Create | Villager (Male) |
| 9:42 | Create | Villager (Male) |
| 9:43 | Create | Fishing Ship |
| 9:49 | Build | House |
| 10:20 | Create | Villager (Male) |
| 10:39 | Create | Villager (Male) |
| 10:46 | Build | Mill |
| 11:01 | Create | Fishing Ship |
| 11:36 | Build | Mining Camp |
| 11:45 | Create | Villager (Male) |
| 12:13 | Research | Feudal Age |
| 12:44 | Build | Barracks |
| 12:57 | Build | House |
| 13:10 | Create | Fishing Ship |
| 13:10 | Create | Fishing Ship |
| 13:24 | Build | House |
| 13:54 | Build | Palisade Gate |
| 13:58 | Build | House |
| 14:09 | Build | Lumber Camp |
| 14:23 | Age | Feudal Age |
| 14:26 | Create | Villager (Male) |
| 14:40 | Build | Market |
| 14:49 | Build | Palisade Wall |
| 15:04 | Create | Villager (Male) |
| 15:24 | Build | Stable |
| 15:29 | Build | Palisade Wall |
| 16:15 | Research | Castle Age |
| 16:16 | Research | Castle Age |
| 17:02 | Research | Double-Bit Axe |
| 17:06 | Create | Scout Cavalry |
| 17:06 | Create | Scout Cavalry |
| 17:11 | Create | Spearman |
| 17:11 | Create | Spearman |
| 17:43 | Create | Scout Cavalry |
| 17:44 | Create | Spearman |
| 18:11 | Create | Scout Cavalry |
| 18:44 | Create | Scout Cavalry |
| 18:51 | Create | Villager (Male) |
| 18:53 | Create | Villager (Male) |
| 18:55 | Age | Castle Age |
| 19:16 | Build | Blacksmith |
| 19:27 | Create | Demolition Raft |
| 19:30 | Create | Demolition Raft |
| 19:54 | Create | Villager (Male) |
| 20:00 | Build | House |
| 20:02 | Build | House |
| 20:57 | Build | Siege Workshop |
| 21:11 | Create | Villager (Male) |
| 21:14 | Create | Villager (Male) |
| 21:19 | Build | Town Center |
| 21:36 | Build | Castle |
| 21:45 | Create | Battle Elephant |
| 22:05 | Create | Knight |
| 22:05 | Create | Knight |
| 22:14 | Create | Spearman |
| 22:15 | Create | Spearman |
| 22:52 | Create | Scorpion |
| 24:09 | Create | Knight |
| 24:10 | Create | Knight |
| 24:35 | Create | Villager (Male) |
| 24:36 | Create | Villager (Male) |
| 24:36 | Create | Villager (Male) |
| 24:53 | Build | Watch Tower |
| 25:07 | Build | Watch Tower |
| 25:08 | Research | Fletching |
| 25:14 | Create | Battering Ram |
| 25:14 | Create | Battering Ram |
| 27:55 | Build | Town Center |
| 28:02 | Build | Mining Camp |
| 28:15 | Create | Battering Ram |
| 28:19 | Create | Villager (Male) |
| 28:19 | Create | Villager (Male) |
| 28:24 | Create | Battering Ram |
| 28:28 | Create | Battering Ram |
| 28:33 | Research | Husbandry |
| 28:40 | Create | Villager (Male) |
| 28:41 | Create | Villager (Male) |
| 28:54 | Create | Villager (Male) |
| 29:05 | Create | Villager (Male) |
| 29:07 | Create | Rattan Archer |
| 29:08 | Create | Rattan Archer |
| 30:58 | Create | Villager (Male) |
| 30:58 | Create | Villager (Male) |
| 30:58 | Create | Villager (Male) |
| 31:05 | Create | Battering Ram |
| 31:30 | Create | Villager (Male) |
| 31:30 | Create | Villager (Male) |
| 31:34 | Build | Castle |
| 31:51 | Create | Battering Ram |
| 32:13 | Create | Villager (Male) |
| 32:14 | Create | Villager (Male) |
| 32:15 | Create | Villager (Male) |
| 32:22 | Build | Farm |
| 32:23 | Build | Farm |
| 32:25 | Build | Farm |
| 32:27 | Build | Farm |
| 32:30 | Build | Farm |
| 32:32 | Build | Farm |
| 32:34 | Build | Farm |
| 32:35 | Build | Farm |
| 32:39 | Build | Farm |
| 33:13 | Create | Villager (Male) |
| 33:13 | Create | Villager (Male) |
| 33:23 | Create | Rattan Archer |
| 33:23 | Create | Rattan Archer |
| 33:32 | Create | Rattan Archer |
| 33:32 | Create | Rattan Archer |
| 33:32 | Create | Rattan Archer |
| 33:53 | Create | Villager (Male) |
| 33:53 | Create | Villager (Male) |
| 33:54 | Create | Villager (Male) |
| 34:12 | Create | Knight |
| 34:12 | Create | Knight |
| 35:37 | Build | Town Center |
| 35:38 | Create | Villager (Male) |
| 35:39 | Create | Villager (Male) |
| 35:39 | Create | Villager (Male) |
| 35:40 | Create | Villager (Male) |
| 35:40 | Create | Villager (Male) |
| 35:41 | Create | Villager (Male) |
| 35:41 | Create | Villager (Male) |
| 35:41 | Create | Villager (Male) |
Match timeline
| 0:59 | LeonMastin · first_building Dock |
| 2:26 | elyas007 · first_building Dock |
| 2:42 | jkeR.! · first_building Dock |
| 3:24 | AustinQ · first_building Dock |
| 4:40 | Hvala · first_building Dock |
| 5:19 | Papi · first_building Dock |
| 7:30 | 維忒茲/Watezu · first_building Dock |
| 9:06 | jkeR.! · wall_segment Palisade Wall x5 |
| 10:27 | jkeR.! · wall_segment Palisade Wall x5 |
| 11:18 | jkeR.! · first_building Barracks |
| 12:15 | JUNIORPLAYBOY · age_up feudal |
| 12:44 | Hvala · first_building Barracks |
| 13:28 | Papi · wall_segment Palisade Wall x6 |
| 13:45 | Papi · wall_segment Palisade Wall x1 |
| 13:55 | LeonMastin · first_building Barracks |
| 14:03 | jkeR.! · wall_segment Palisade Wall x9 |
| 14:23 | Hvala · age_up feudal |
| 14:29 | AustinQ · age_up feudal |
| 14:32 | jkeR.! · age_up feudal |
| 14:37 | 維忒茲/Watezu · age_up feudal |
| 14:49 | Papi · first_building Barracks |
| 14:49 | Hvala · wall_segment Palisade Wall x1 |
| 15:07 | LeonMastin · age_up feudal |
| 15:10 | LeonMastin · first_building Archery Range |
| 15:17 | jkeR.! · first_building Archery Range |
| 15:24 | Hvala · first_building Stable |
| 15:28 | elyas007 · age_up feudal |
| 15:29 | Hvala · wall_segment Palisade Wall x1 |
| 15:52 | JUNIORPLAYBOY · first_building Barracks |
| 16:27 | Papi · age_up feudal |
| 16:45 | Papi · wall_segment Stone Wall x13 |
| 18:03 | Papi · first_building Archery Range |
| 18:26 | jkeR.! · wall_segment Stone Wall x1 |
| 18:55 | Hvala · age_up castle |
| 19:18 | AustinQ · wall_segment Stone Wall x8 |
| 19:46 | elyas007 · first_building Barracks |
| 20:57 | Hvala · first_building Siege Workshop |
| 21:30 | elyas007 · age_up castle |
| 21:31 | 維忒茲/Watezu · age_up castle |
| 21:31 | AustinQ · first_building Barracks |
| 21:36 | Hvala · first_building Castle |
| 21:38 | Papi · age_up castle |
| 22:02 | Hvala · first_market_sell 100 food |
| 22:04 | elyas007 · tribute_sent a jugador 2 |
| 22:04 | elyas007 · tribute_sent a jugador 3 |
| 22:04 | elyas007 · tribute_sent a jugador 4 |
| 22:04 | elyas007 · tribute_sent a jugador 5 |
| 22:04 | elyas007 · tribute_sent a jugador 6 |
| 22:04 | elyas007 · tribute_sent a jugador 7 |
| 22:04 | elyas007 · tribute_sent a jugador 8 |
| 22:12 | Papi · first_building Castle |
| 22:14 | AustinQ · age_up castle |
| 22:36 | 維忒茲/Watezu · first_building Siege Workshop |
| 23:00 | jkeR.! · age_up castle |
| 23:12 | LeonMastin · first_building Stable |
| 23:41 | Papi · first_building Siege Workshop |
| 24:31 | JUNIORPLAYBOY · age_up castle |
| 24:43 | JUNIORPLAYBOY · first_building Monastery |
| 24:46 | jkeR.! · first_building Castle |
| 24:51 | JUNIORPLAYBOY · first_building Castle |
| 26:05 | elyas007 · first_building Castle |
| 26:07 | 維忒茲/Watezu · first_building Barracks |
| 26:18 | LeonMastin · age_up castle |
| 27:54 | LeonMastin · wall_segment Stone Wall x8 |
| 27:55 | elyas007 · first_building Siege Workshop |
| 28:47 | AustinQ · first_building Castle |
| 28:54 | Papi · first_market_buy 100 stone |
| 29:56 | LeonMastin · first_market_buy 100 wood |
| 29:59 | 維忒茲/Watezu · first_building Castle |
| 30:08 | LeonMastin · first_building Monastery |
| 30:25 | Papi · first_building Stable |
| 31:35 | elyas007 · wall_segment Stone Wall x14 |
| 31:39 | 維忒茲/Watezu · wall_segment Stone Wall x8 |
| 31:47 | elyas007 · wall_segment Stone Wall x7 |
| 31:53 | AustinQ · first_building Stable |
| 32:15 | JUNIORPLAYBOY · first_building Siege Workshop |
| 32:46 | LeonMastin · first_building Castle |
| 33:27 | jkeR.! · resign |
| 33:38 | AustinQ · age_up imperial |
| 34:07 | 維忒茲/Watezu · wall_segment Stone Wall x1 |
| 34:59 | 維忒茲/Watezu · wall_segment Stone Wall x1 |
| 36:29 | 維忒茲/Watezu · wall_segment Stone Wall x1 |
| 36:32 | 維忒茲/Watezu · wall_segment Stone Wall x1 |
| 39:50 | LeonMastin · first_building Siege Workshop |
| 39:55 | 維忒茲/Watezu · wall_segment Stone Wall x1 |
| 39:59 | 維忒茲/Watezu · wall_segment Stone Wall x1 |
| 40:35 | elyas007 · wall_segment Stone Wall x7 |
| 40:37 | elyas007 · age_up imperial |
| 42:02 | elyas007 · first_market_buy 100 food |
| 42:45 | 維忒茲/Watezu · age_up imperial |
| 45:06 | elyas007 · wall_segment Stone Wall x36 |
| 46:03 | LeonMastin · age_up imperial |
| 47:08 | JUNIORPLAYBOY · first_market_sell 100 food |
| 47:40 | JUNIORPLAYBOY · age_up imperial |
| 47:52 | AustinQ · first_building Siege Workshop |
| 50:07 | elyas007 · first_building Stable |
| 50:40 | Papi · age_up imperial |
| 54:55 | Hvala · age_up imperial |
| 57:19 | Papi · wall_segment Stone Wall x17 |
| 58:12 | Papi · wall_segment Stone Wall x15 |
| 58:24 | AustinQ · first_building Archery Range |
| 58:50 | 維忒茲/Watezu · wall_segment Stone Wall x7 |
| 59:25 | Papi · wall_segment Stone Wall x11 |
| 60:06 | Hvala · first_market_buy 100 food |
| 62:23 | 維忒茲/Watezu · wall_segment Stone Wall x5 |
| 64:32 | 維忒茲/Watezu · first_building Stable |
| 64:53 | JUNIORPLAYBOY · first_building Stable |
| 66:16 | AustinQ · first_market_buy 100 food |
| 66:39 | Papi · first_market_sell 100 food |
| 66:51 | 維忒茲/Watezu · first_market_buy 100 food |
| 69:27 | elyas007 · wall_segment Stone Wall x39 |
| 71:11 | JUNIORPLAYBOY · first_market_buy 100 food |
| 85:07 | JUNIORPLAYBOY · tribute_sent a jugador 1 |
| 85:07 | JUNIORPLAYBOY · tribute_sent a jugador 2 |
| 85:07 | JUNIORPLAYBOY · tribute_sent a jugador 3 |
| 85:07 | JUNIORPLAYBOY · tribute_sent a jugador 5 |
| 85:07 | JUNIORPLAYBOY · tribute_sent a jugador 6 |
| 85:07 | JUNIORPLAYBOY · tribute_sent a jugador 7 |
| 85:07 | JUNIORPLAYBOY · tribute_sent a jugador 8 |
| 86:53 | Hvala · wall_segment Stone Wall x1 |
| 87:08 | Hvala · wall_segment Stone Wall x1 |
| 87:15 | JUNIORPLAYBOY · tribute_sent a jugador 1 |
| 87:15 | JUNIORPLAYBOY · tribute_sent a jugador 2 |
| 87:15 | JUNIORPLAYBOY · tribute_sent a jugador 3 |
| 87:15 | JUNIORPLAYBOY · tribute_sent a jugador 5 |
| 87:15 | JUNIORPLAYBOY · tribute_sent a jugador 6 |
| 87:15 | JUNIORPLAYBOY · tribute_sent a jugador 7 |
| 87:15 | JUNIORPLAYBOY · tribute_sent a jugador 8 |
| 88:07 | Papi · wall_segment Stone Wall x12 |
| 89:34 | JUNIORPLAYBOY · tribute_sent a jugador 1 |
| 89:34 | JUNIORPLAYBOY · tribute_sent a jugador 2 |
| 89:34 | JUNIORPLAYBOY · tribute_sent a jugador 3 |
| 89:34 | JUNIORPLAYBOY · tribute_sent a jugador 5 |
| 89:34 | JUNIORPLAYBOY · tribute_sent a jugador 6 |
| 89:34 | JUNIORPLAYBOY · tribute_sent a jugador 7 |
| 89:34 | JUNIORPLAYBOY · tribute_sent a jugador 8 |
| 94:01 | elyas007 · first_market_sell 500 stone |
[ AI ANALYSIS · 1 CREDIT ]
What really happened in this match?
Wolo.gg analyzes every decision: build order, eco, micro, common mistakes by bracket. Personalized analysis on WhatsApp or Discord in 30 seconds.
Civ guide
Celts
Map guide
Nomad
Perfil
Jugador #14828768